 Dungeon Crawl Stone Soup version 0.20.0-14-g326068f (webtiles) character file.

37968 wazuzu the Spear-Bearer (level 13, -10/113 HPs)
             Began as a Minotaur Monk on June 8, 2017.
             Was a High Priest of Ashenzari.
             Engulfed by a fire crab's flame (30 damage)
             ... on level 6 of the Lair of Beasts.
             The game lasted 00:43:59 (16024 turns).

wazuzu the Spear-Bearer (Minotaur Monk)            Turns: 16024, Time: 00:44:00

Health: -10/113    AC: 13    Str: 21    XL:     13   Next: 61%
Magic:  21/21      EV: 17    Int:  7    God:    Ashenzari [*****.]
Gold:   719        SH:  0    Dex: 13    Spells: 12/12 levels left

rFire    . . .     SeeInvis +   i - +4 halberd (flame) (curse)
rCold    . . .     Gourm    .   (shield currently unavailable)
rNeg     . . .     Faith    .   q - +0 ring mail
rPois    .         Spirit   .   (helmet restricted)
rElec    .         Reflect  .   v - +1 cloak
rCorr    +         Harm     .   (no gloves)
MR       ++...     Clarity  +   m - +2 pair of boots {Fly} (curse)
Stlth    +.........             n - amulet of rage
Regen    0.3/turn               d - ring of protection from magic (curse)
MPRegen  0.2/turn               o - ring of resist corrosion

@: flying
A: retaliatory headbutt, fangs 1, horns 2, magic resistance 1, wild magic 1
a: Curse Item, Scrying, Transfer Knowledge, Renounce Religion, Evoke Berserk
Rage, Stop Flying


You were on level 6 of the Lair of Beasts.
You worshipped Ashenzari.
Ashenzari was extremely pleased with you.
You were hungry.

You visited 3 branches of the dungeon, and saw 17 of its levels.
You also visited: Ossuary.

You collected 876 gold pieces.
You spent 157 gold pieces at shops.

Inventory:

Hand Weapons
 i - a cursed +4 halberd of flaming (weapon)
Armour
 m - a cursed +2 pair of boots of flying (worn)
 q - a +0 ring mail (worn)
 v - a +1 cloak (worn)
Jewellery
 d - a cursed ring of protection from magic (left hand)
 n - an amulet of rage (around neck)
 o - a ring of resist corrosion (right hand)
Wands
 a - a wand of acid (9/15)
 p - a wand of digging (14/24)
 s - a wand of polymorph (11/24)
 t - a wand of digging (9/24)
 u - a wand of flame (36/48)
 A - a wand of random effects (16/48)
 E - a wand of lightning (4/15)
 F - a wand of flame (19/48)
 J - a wand of lightning (5/15)
Scrolls
 g - 9 scrolls of teleportation
 l - 5 scrolls of fog
 x - 2 scrolls of recharging
 y - 2 scrolls of fear
 z - 11 scrolls of identify
 D - 2 scrolls of remove curse
 H - a scroll of amnesia
 I - a scroll of enchant armour
Potions
 e - 7 potions of curing
 h - 3 potions of agility
 j - 5 potions of brilliance
 r - a potion of flight
 w - a potion of invisibility
 C - 3 potions of resistance
 G - 2 potions of might {unknown}
 K - a potion of mutation
Comestibles
 b - 5 meat rations
 c - 7 bread rations
 f - 25 royal jellies
 B - 20 fruits


   Skills:
 - Level 10.0 Fighting
 - Level 14.0(18.7) Polearms
 - Level 10.0 Armour
 - Level 10.3 Dodging
 - Level 1.5 Stealth
 * Level 13.3 Evocations


You had 12 spell levels left.
You didn't know any spells.

Dungeon Overview and Level Annotations

Branches:
Dungeon (10/15)            Temple (1/1) D:4            Lair (6/6) D:9
 Shoals (0/4) Lair:4        Snake (0/4) Lair:4        Slime (0/5) Lair:5
    Orc (0/2) D:10

Altars:
Ashenzari
Cheibriados
Dithmenos
Elyvilon
Fedhas
Gozag
Hepliaklqana
Kikubaaqudgha
Nemelex Xobeh
Okawaru
Qazlal
Ru
Sif Muna
Trog
Uskayaw
Vehumet
Xom
Yredelemnul
Zin
The Shining One
Jiyva

Shops:
D:5 [

Portals:
Labyrinth: Lair:6


Innate Abilities, Weirdness & Mutations

You reflexively headbutt those who attack you in melee.
You have a pair of horns on your head.
You have very sharp teeth.
You are resistant to hostile enchantments. (MR+)
Your spells are a little harder to cast, but a little more powerful.


Message History

Aim: a yak (moderately wounded)
You hit the yak. You burn the yak. You headbutt the yak!
The yak is heavily wounded.
The yak closely misses you.
You impale the yak!! You burn the yak!
You kill the yak!
Attack whom?
Press: ? - help, Dir - move target cursor, f - yak
Aim: a yak You reach to attack!
You slash the yak! You burn the yak.
The yak is heavily wounded.
You slash the yak! You burn the yak!
You kill the yak!
You are feeling hungry.
Found a labyrinth entrance.
You see here 16 gold pieces.
The fire crab breathes flames at you. The blast of flame engulfs you!
You are engulfed in blazing flames.
You die...

.... ,,,, , * {... , ...
, , ,.. .... ,...... *
**,..#* ..#*
......P####,##..# ####
##.........##....
#..###(............P# ,
.#..#.......#.......# ,
............#.....P# **
............#§§§@..#..#*
#.....P......§§§§.....P#
##.###†...t§§##§§.###.##
#######.....####.§# , ,
####.#........PP.## ,, *
.(...........P....., *
#..P?#.....#####..# , ,
##########.# #### * ###
**


You could see a fire crab.

Vanquished Creatures
  Snorg (D:9)
  4 hydras
  Fannar (Lair:2)
  4 two-headed ogres
  6 death yaks (Lair:3)
  Urug (Lair:4)
  Pikel (D:5)
  8 spiny frogs
  3 black mambas
  Psyche (D:10)
  A rime drake (Lair:5)
  A gargoyle (D:10)
  4 komodo dragons
  A queen bee (Lair:4)
  2 meliai (Lair:4)
  A troll (D:10)
  10 hippogriffs
  7 blink frogs
  A shadow (D:7)
  3 wraiths
  A wyvern (Lair:2)
  Sigmund (D:5)
  16 yaks
  3 basilisks
  Grum (D:10)
  A hungry ghost (D:10)
  23 water moccasins
  6 swamp worms (Lair:3)
  8 porcupines
  4 orc warriors
  A sky beast (D:8)
  A slave (D:5)
  9 ogres
  2 ice beasts
  An eye of draining (D:10)
  13 wolves
  13 centaurs
  13 crocodiles
  3 big kobolds
  Blork the orc (D:5)
  17 bullfrogs
  A gnoll sergeant (D:10)
  4 scorpions
  26 killer bees
  4 wights (Ossuary)
  4 howler monkeys
  Crazy Yiuf (D:7)
  2 centaur zombies
  4 crimson imps
  A quasit (D:8)
  A bullfrog zombie (D:5)
  2 hounds
  12 orc priests
  3 centaur skeletons
  2 iguanas
  9 orc wizards
  5 worker ants
  A hound zombie (D:9)
  2 hound skeletons
  A howler monkey zombie (D:6)
  2 worker ant zombies (D:5)
  9 gnolls
  13 adders
  3 oozes
  2 adder zombies (Ossuary)
  13 worms (Lair:3)
  8 leopard geckos
  47 orcs
  6 giant cockroaches
  8 goblins
  8 hobgoblins
  16 jackals
  20 kobolds
  4 quokkas
  A ball python (D:3)
  A ball python skeleton (Ossuary)
  6 bats
  4 frilled lizards
  2 hobgoblin skeletons (Ossuary)
  A hobgoblin zombie (Ossuary)
  A jackal zombie (D:5)
  2 kobold zombies
  A quokka zombie (D:9)
  3 rats
  2 plants (Lair:3)
467 creatures vanquished.

Vanquished Creatures (others)
  A crimson imp (D:10)
  A hound (D:5)
  2 fungi
  2 plants
  11 toadstools (D:2)
17 creatures vanquished.

Grand Total: 484 creatures vanquished

Notes
Turn   | Place    | Note
-------+----------+-------------------------------------------
     0 | D:1      | wazuzu the Minotaur Monk began the quest for the Orb.
     0 | D:1      | Reached XP level 1. HP: 19/19 MP: 0/0
   107 | D:1      | Reached skill level 4 in Polearms
   215 | D:1      | Reached XP level 2. HP: 26/26 MP: 1/1
   503 | D:2      | Reached skill level 5 in Polearms
   537 | D:2      | Reached XP level 3. HP: 14/31 MP: 2/2
   746 | D:2      | Found a white marble altar of Elyvilon.
  1269 | D:2      | Found a deep blue altar of Sif Muna.
  1287 | D:2      | Reached XP level 4. HP: 39/39 MP: 3/3
  1303 | D:2      | Reached skill level 6 in Polearms
  1451 | D:3      | Found a glowing golden altar of the Shining One.
  1487 | D:3      | Noticed a bullfrog
  1492 | D:3      | Killed a bullfrog
  1492 | D:3      | Reached skill level 7 in Polearms
  1492 | D:3      | Reached XP level 5. HP: 44/45 MP: 4/4
  1659 | D:3      | Found a sacrificial altar of Ru.
  1800 | D:3      | Found a hazy altar of Hepliaklqana.
  2098 | D:4      | Reached skill level 1 in Armour
  2101 | D:4      | Reached skill level 8 in Polearms
  2101 | D:4      | Reached XP level 6. HP: 51/51 MP: 5/5
  2734 | D:4      | Found a staircase to the Ecumenical Temple.
  2744 | Temple   | Entered the Ecumenical Temple
  2937 | Temple   | Became a worshipper of Ashenzari the Shackled
  2937 | Temple   | Reached * piety under Ashenzari
  2937 | Temple   | Reached ** piety under Ashenzari
  2941 | Temple   | Gained mutation: You are frail. (-10% HP) [potion of mutation]
  2941 | Temple   | Gained mutation: You are clumsy. (Dex -2) [potion of mutation]
  2941 | Temple   | Gained mutation: You have a pair of large horns on your head. [potion of mutation]
  2942 | Temple   | Lost mutation: You are clumsy. (Dex -2) [potion of mutation]
  2942 | Temple   | Lost mutation: You have a pair of large horns on your head. [potion of mutation]
  2942 | Temple   | Lost mutation: You are frail. (-10% HP) [potion of mutation]
  2942 | Temple   | Gained mutation: Potions are less effective at restoring your health. [potion of mutation]
  2942 | Temple   | Gained mutation: Your system is resistant to poisons. (rPois) [potion of mutation]
  2942 | Temple   | Gained mutation: You possess an exceptional clarity of mind. [potion of mutation]
  3127 | D:5      | Entered Level 5 of the Dungeon
  3129 | D:5      | Noticed Sigmund
  3150 | D:5      | Killed Sigmund
  3150 | D:5      | Reached skill level 9 in Polearms
  3150 | D:5      | Reached XP level 7. HP: 35/57 MP: 6/6
  3359 | D:5      | Found Uzead's Antique Armour Shoppe.
  3371 | D:5      | Bought a pair of glowing boots for 157 gold pieces
  3398 | D:5      | Noticed Blork the orc
  3404 | D:5      | Killed Blork the orc
  3404 | D:5      | Reached skill level 5 in Armour
  3524 | D:5      | Noticed Pikel
  3545 | D:5      | Killed Pikel
  3545 | D:5      | Reached skill level 5 in Fighting
  3545 | D:5      | Reached skill level 10 in Polearms
  3545 | D:5      | Reached XP level 8. HP: 41/70 MP: 7/7
  4301 | D:6      | Found a sand-covered staircase.
  4318 | Ossuary  | Entered an ossuary
  4630 | Ossuary  | Reached skill level 11 in Polearms
  4665 | Ossuary  | Noticed a flying skull
  4672 | Ossuary  | Noticed a flying skull
  4714 | Ossuary  | Noticed a flying skull
  4720 | Ossuary  | Noticed a flying skull
  4954 | Ossuary  | Reached XP level 9. HP: 78/81 MP: 8/8
  5040 | D:6      | Found a radiant altar of Vehumet.
  5647 | D:7      | Reached skill level 12 in Polearms
  5788 | D:7      | Found a glowing silver altar of Zin.
  5822 | D:7      | Found a stormy altar of Qazlal.
  6365 | D:7      | Found a runed door.
  6529 | D:7      | Noticed Crazy Yiuf
  6535 | D:7      | Killed Crazy Yiuf
  6585 | D:7      | Lost mutation: You possess an exceptional clarity of mind. [potion of mutation]
  6585 | D:7      | Lost mutation: Your system is resistant to poisons. (rPois) [potion of mutation]
  6585 | D:7      | Gained mutation: You tend to lose your temper in combat. [potion of mutation]
  6585 | D:7      | Gained mutation: You are frail. (-10% HP) [potion of mutation]
  6585 | D:7      | Gained mutation: Your mind is acute. (Int +2) [potion of mutation]
  6585 | D:7      | Gained mutation: You have very sharp teeth. [potion of mutation]
  6650 | D:8      | Reached skill level 10 in Fighting
  6787 | D:8      | Reached *** piety under Ashenzari
  6964 | D:8      | Found an iron altar of Okawaru.
  7028 | D:8      | Noticed a two-headed ogre
  7038 | D:8      | Killed a two-headed ogre
  7038 | D:8      | Reached skill level 13 in Polearms
  7038 | D:8      | Reached XP level 10. HP: 53/83 MP: 9/9
  7259 | D:9      | Noticed a two-headed ogre
  7265 | D:9      | Killed a two-headed ogre
  7265 | D:9      | Reached skill level 5 in Dodging
  7648 | D:9      | Found a staircase to the Lair.
  7678 | D:9      | Lost mutation: You tend to lose your temper in combat. [potion of mutation]
  7678 | D:9      | Lost mutation: Your mind is acute. (Int +2) [potion of mutation]
  7678 | D:9      | Lost mutation: You are frail. (-10% HP) [potion of mutation]
  7678 | D:9      | Lost mutation: Potions are less effective at restoring your health. [potion of mutation]
  7678 | D:9      | Gained mutation: Your spells are a little harder to cast, but a little more powerful. [potion of mutation]
  7678 | D:9      | Gained mutation: You are resistant to hostile enchantments. (MR+) [potion of mutation]
  7720 | D:9      | Noticed a two-headed ogre
  7725 | D:9      | Killed a two-headed ogre
  7760 | D:9      | Found an opulent altar of Gozag.
  8184 | D:10     | Entered Level 10 of the Dungeon
  8184 | D:10     | Noticed Snorg
  8188 | D:10     | Noticed Grum
  8188 | D:10     | Noticed a gargoyle
  8193 | D:9      | Reached skill level 14 in Polearms
  8207 | Lair:1   | Entered Level 1 of the Lair of Beasts
  8472 | Lair:1   | Reached XP level 11. HP: 68/99 MP: 10/10
  8793 | Lair:1   | Noticed a six-headed hydra
  8811 | Lair:1   | Killed a six-headed hydra
  8812 | Lair:1   | Reached skill level 10 in Armour
  9056 | Lair:1   | Reached skill level 1 in Evocations
  9555 | Lair:1   | Noticed a six-headed hydra
  9569 | Lair:1   | Killed a six-headed hydra
  9807 | D:10     | Killed Grum
 10091 | D:10     | Noticed Psyche
 10102 | D:10     | Killed Psyche
 10105 | D:10     | Reached skill level 5 in Evocations
 10552 | D:9      | Killed Snorg
 10734 | D:10     | Reached skill level 10 in Dodging
 10761 | D:10     | Reached XP level 12. HP: 96/106 MP: 15/15
 10839 | D:10     | Found a staircase to the Orcish Mines.
 11401 | D:10     | Noticed a two-headed ogre
 11407 | D:10     | Killed a two-headed ogre
 11784 | Lair:2   | Noticed Fannar
 11808 | Lair:2   | Killed Fannar
 11911 | Lair:2   | Reached **** piety under Ashenzari
 12957 | Lair:3   | Noticed a four-headed hydra
 12963 | Lair:3   | Killed a one-headed hydra
 13160 | Lair:3   | Noticed a death yak
 13161 | Lair:3   | Noticed a death yak
 13162 | Lair:3   | Noticed a death yak
 13167 | Lair:3   | Noticed a death yak
 13171 | Lair:3   | Noticed a death yak
 13173 | Lair:3   | Noticed a death yak
 13179 | Lair:3   | Killed a death yak
 13179 | Lair:3   | Reached skill level 10 in Evocations
 13187 | Lair:3   | Killed a death yak
 13198 | Lair:3   | Killed a death yak
 13203 | Lair:3   | Killed a death yak
 13212 | Lair:3   | Killed a death yak
 13218 | Lair:3   | Killed a death yak
 13619 | Lair:3   | Reached XP level 13. HP: 105/113 MP: 20/20
 13869 | Lair:4   | Found a staircase to the Shoals.
 13981 | Lair:4   | Found a staircase to the Snake Pit.
 14552 | Lair:4   | Noticed Urug
 14569 | Lair:4   | Killed Urug
 14918 | Lair:4   | Reached ***** piety under Ashenzari
 15428 | Lair:5   | Identified the +5 long sword of Instant Death {slice, rPois rC+ Int+6}
 15794 | Lair:5   | Found a viscous altar of Jiyva.
 15795 | Lair:5   | Found a staircase to the Slime Pits.
 15933 | Lair:6   | Entered Level 6 of the Lair of Beasts
 16019 | Lair:6   | Found a labyrinth entrance.
 16024 | Lair:6   | Engulfed by a fire crab's flame

Skill      XL: |  1  2  3  4  5  6  7  8  9 10 11 12 13 |
---------------+----------------------------------------+-----
Polearms       | 4 5 7 8 9 10 11 13 14 | 14.0
Armour         | 1 4 5 8 10 | 10.0
Fighting       | 5 8 10 | 10.0
Dodging        | 4 7 10 | 10.3
Evocations     | 5 11 13 | 13.3
Stealth        | |  1.5

Action                   |  1- 3 |  4- 6 |  7- 9 | 10-12 | 13-15 || total
-------------------------+-------+-------+-------+-------+-------++-------
Melee: Spear             |   101 |    19 |       |       |       ||   120
       Headbutt          |     8 |    19 |    50 |   123 |    41 ||   241
       Trident           |       |   144 |   153 |    26 |       ||   323
       Halberd           |       |       |   145 |   596 |   280 ||  1021
       Bite              |       |       |     3 |    79 |    21 ||   103
Invok: Curse Item        |       |     1 |       |     1 |     1 ||     3
 Abil: Evoke Berserk Rag |       |       |       |       |     1 ||     1
Evoke: Wand              |       |       |       |     2 |       ||     2
  Use: Potion            |     2 |     2 |     1 |     3 |     1 ||     9
       Scroll            |       |     3 |    15 |     4 |     4 ||    26
 Stab: Sleeping          |     3 |     3 |       |       |       ||     6
       Distracted        |     1 |     1 |       |     1 |       ||     3
       Paralysed         |       |     1 |       |       |       ||     1
  Eat: Chunk             |       |     7 |    11 |    22 |     8 ||    48
       Fruit             |       |       |     2 |       |     1 ||     3
Armor: Robe              |     6 |     6 |       |       |       ||    12
       Ring mail         |       |    15 |    64 |   131 |    61 ||   271
Dodge: Dodged            |    58 |    73 |   104 |   311 |   218 ||   764
